 Dungeon Crawl Stone Soup version 0.28.0-53-g5a82cb258f (webtiles) character file.

Game seed: 11331403917901884913

39 melloss the Sneak (level 3, 0/16 HPs)
             Began as a Spriggan Enchanter on June 3, 2022.
             Slain by an adder (5 damage)
             ... on level 2 of the Dungeon.
             The game lasted 00:03:48 (2305 turns).

melloss the Sneak (Spriggan Enchanter)              Turns: 2305, Time: 00:03:48

Health: 0/16       AC:  2    Str:  4    XL:     3   Next: 26%
Magic:  8/8        EV: 18    Int: 18    God:
Gold:   57         SH:  0    Dex: 15    Spells: 4/7 levels left

rFire   . . .      SeeInvis +   f - +2 dagger (drain)
rCold   . . .      Faith    .   g - orb {mayhem}
rNeg    . . .      Spirit   .   b - +0 robe
rPois   .          Reflect  .   (helmet restricted)
rElec   .          Harm     .   (no cloak)
rCorr   .          Rampage  .   (gloves unavailable)
Will    .....                   (boots unavailable)
Stlth   +++.......              (no amulet)
HPRegen 0.05/turn               (no ring)
MPRegen 0.11/turn               (no ring)

@: lethally poisoned (0 -> -4), very quick
A: very small, no large weapons, unfitting armour, see invisible, speed 3
a: no special abilities


You were on level 2 of the Dungeon.
You visited 1 branch of the dungeon, and saw 2 of its levels.

You collected 57 gold pieces.

Inventory:

Hand Weapons
 a - a +1 dagger
 f - a +2 dagger of draining (weapon)
Armour
 b - a +0 robe (worn)
 g - an orb of mayhem (worn)
Scrolls
 d - a scroll of enchant weapon {unknown}
 e - a scroll of magic mapping {unknown}
Potions
 c - a potion of invisibility


   Skills:
 - Level 1.1 Short Blades
 + Level 4.0 Dodging
 + Level 5.7 Stealth
 - Level 2.6 Spellcasting
 - Level 3.6 Hexes


You had 4 spell levels left.
You knew the following spells:

 Your Spells              Type           Power      Damage    Failure   Level
a - Ensorcelled Hibernat  Hex/Ice        16%        N/A       12%         2
b - Sting                 Tmut/Pois      8%         1d3       17%         1

Your spell library contained the following spells:

 Spells                   Type           Power      Damage    Failure   Level
 Confusing Touch          Hex            15%        N/A       12%         3
 Tukima's Dance           Hex            15%        N/A       12%         3
 Dazzling Flash           Conj/Hex       16%        N/A       24%         3
 Poisonous Vapours        Pois/Air       4%         N/A       26%         2
 Olgreb's Toxic Radiance  Pois           2%         N/A       86%         4


Dungeon Overview and Level Annotations

Branches:
Dungeon (2/15)

Altars:


Innate Abilities, Weirdness & Mutations

You are very small and have problems with some larger weapons.
You are too small for most types of armour.
You have supernaturally acute eyesight. (SInv)
You cover ground extremely quickly. (Speed+++)


Message History

Found a stone staircase leading down.
There is an open door here.
You open the door. You open the door. You open the door.
There is an open door here.
A rat comes into view.
You hit the rat.
You kill the rat!
Your Dodging skill increases to level 4!
You see here a rat corpse.
A ball python comes into view.
Found a dagger.
The ball python misses you. x2
You hit the ball python but do no damage.
You drain the ball python.
The ball python is heavily wounded.
The ball python misses you. The ball python grabs you.
The ball python constricts you.
You hit the ball python.
You kill the ball python!
You see here a +0 dagger.
You see here a ball python corpse.
You see here a rat corpse.
There is a stone staircase leading up here.
A goblin comes into view. It is wielding a +0 dagger.
The goblin shouts!
The goblin hits you with a +0 dagger.
You closely miss the goblin. The goblin barely misses you.
You hit the goblin. You drain the goblin.
You kill the goblin!
You see here a +0 dagger.
An adder comes into view.
The adder hisses angrily.
The adder bites you.
You are poisoned.
The adder poisons you!
You miss the adder.
You feel sick. The adder bites you.
You miss the adder. The adder bites you.
You die...

#.#
#...............#
#.#
#.#####.##.####.#
##.###.# #.##.# #
### ##...##.# #....#
..# #.......# #.####
#.# ##...#..#####.#
#.# ##.##........#
#.######.##.###.S###
#.......<.......@#
########.##.####.#
#.##.# #)#
#######.##.####.#
........##......#
#######(#########
#.# #.# #.#


You could see an adder.

Vanquished Creatures
  3 dart slugs (D:1)
  4 bats (D:1)
  2 endoplasms (D:1)
  4 giant cockroaches
  3 goblins
  3 hobgoblins (D:1)
  3 quokkas
  3 ball pythons
  2 kobolds
  A rat (D:2)
28 creatures vanquished.

Notes
Turn   | Place    | Note
-------+----------+-------------------------------------------
     0 | D:1      | melloss the Spriggan Enchanter began the quest for the Orb.
     0 | D:1      | Reached XP level 1. HP: 9/9 MP: 5/5
   543 | D:1      | Reached XP level 2. HP: 8/13 MP: 6/6
   554 | D:1      | Reached skill level 5 in Stealth
   557 | D:1      | Learned a level 2 spell: Ensorcelled Hibernation
   994 | D:1      | Learned a level 1 spell: Sting
  1169 | D:1      | Found a faded altar of an unknown god.
  1553 | D:1      | Reached XP level 3. HP: 16/16 MP: 8/8
  2305 | D:2      | Slain by an adder

Illustrated notes

Levels and vault maps discovered:
D:1:      dpeg_arrival_circle_labyrinth_c, layout_loops_corners,
          basic_ecumenical_altar, minmay_pentomino_z4
D:2:      layout_loops_corners, minmay_box_of_dots

Skill      XL: |  1  2  3 |
---------------+----------+-----
Dodging        | 3 4 |  4.0
Stealth        | 5 |  5.7
Short Blades   | |  1.1
Spellcasting   | |  2.6
Hexes          | |  3.6

Action                   || total
-------------------------++-------
Melee: Dagger            ||    92
 Cast: Ensorcelled Hiber ||     7
 Stab: Sleeping          ||    13
Armor: Robe              ||     8
Dodge: Dodged            ||    69
